 Dungeon Crawl Stone Soup version 0.30-a0-364-gf6b3ef1049 (webtiles) character file.

Game seed: 1975857496400693877

17255 Elric the Severer (level 12, -1/95 HPs)
             Began as a Minotaur Fighter on Nov 14, 2022.
             Was a High Priest of Hepliaklqana.
             Slain by an 11-headed hydra (7 damage)
             ... on level 13 of the Dungeon.
             The game lasted 00:17:44 (10730 turns).

Elric the Severer (Minotaur Fighter)               Turns: 10730, Time: 00:17:44

Health: -1/95      AC: 20    Str: 25 (26) XL:     12   Next: 17%
Magic:  0/11       EV: 11    Int:  2 (5)  God:    Hepliaklqana [*****.]
Gold:   940        SH:  7    Dex: 14 (16) Spells: 11/11 levels left

rFire   . . .      SeeInvis .    v - +3 broad axe (elec)
rCold   . . .      Faith    .    c - +1 buckler
rNeg    . . .      Spirit   +    B - +8 chain mail "Gogowiv" {Will+ rCorr}
rPois   .          Reflect  .    (helmet restricted)
rElec   .          Harm     .    p - +0 cloak
rCorr   +          Rampage  .    (no gloves)
Will    +....                    (no boots)
Stlth   ..........               F - amulet of guardian spirit
HPRegen 0.35/turn                s - +6 ring of dexterity
MPRegen 0.12/turn                D - ring of wizardry

@: studying Stealth
A: reduced essence, horns 2, retaliatory headbutt
a: Renounce Religion, Recall Ancestor, Ancestor Identity, Transference, Idealise


You were on level 13 of the Dungeon.
You worshipped Hepliaklqana.
Hepliaklqana was extremely pleased with you.
You visited 1 branch of the dungeon, and saw 13 of its levels.

You collected 940 gold pieces.

Inventory:

Hand Weapons
 a - a +0 war axe
 v - a +3 broad axe of electrocution (weapon)
 E - a +1 war axe of distortion
Missiles
 I - 3 silver javelins (quivered)
Armour
 c - a +1 buckler (worn)
 p - a +0 cloak (worn)
 r - the +5 chain mail of the Komodo Dragon {Str+5 Dex+2}
   (You found it on level 3 of the Dungeon)

   Str:       It affects your strength (+5).
   Dex:       It affects your dexterity (+2).
 B - the +8 chain mail "Gogowiv" (worn) {Will+ rCorr}
   (You found it on level 9 of the Dungeon)

   rCorr:     It protects you from acid and corrosion.
   Will:      It increases your willpower.
Jewellery
 s - a +6 ring of dexterity (left hand)
 D - a ring of wizardry (right hand)
 F - an amulet of guardian spirit (around neck)
Wands
 b - a wand of polymorph (13)
 x - a wand of flame (13)
Scrolls
 e - 2 scrolls of butterflies
 f - 9 scrolls of identify
 g - 2 scrolls of noise
 h - a scroll of magic mapping
 k - 7 scrolls of poison
 l - 4 scrolls of teleportation
 t - 2 scrolls of blinking
 y - 2 scrolls of immolation
 G - a scroll of summoning {unknown}
 H - a scroll of enchant weapon {unknown}
 J - a scroll of fear
 K - a scroll of enchant armour
Potions
 d - 4 potions of might
 i - 3 potions of degeneration
 j - 4 potions of lignification {unknown}
 m - 4 potions of berserk rage {unknown}
 n - 2 potions of invisibility {unknown}
 o - 7 potions of flight
 q - 2 potions of haste {unknown}
 u - a potion of magic {unknown}
 w - a potion of attraction {unknown}
 z - a potion of ambrosia {unknown}
 A - 3 potions of curing {unknown}
 C - a potion of cancellation {unknown}


   Skills:
 - Level 10.0 Fighting
 - Level 16.9 Axes
 + Level 9.1 Armour
 + Level 7.4 Dodging
 + Level 9.1 Shields


You had 11 spell levels left.
You didn't know any spells.
Your spell library contained the following spells:

 Spells                   Type           Power      Damage    Failure   Level
 Beastly Appendage        Tmut           0%         N/A       82%         1
 Shock                    Conj/Air       0%         1d3       82%         1
 Scorch                   Fire           0%         2d5       91%         2
 Wereblood                Tmut           0%         N/A       91%         2
 Ozocubu's Armour         Ice            0%         N/A       99%         3
 Spider Form              Tmut/Pois      0%         N/A       99%         3
 Swiftness                Air            0%         N/A       99%         3
 Airstrike                Air            0%         2d(0-16)  100%        4
 Flame Wave               Conj/Fire      0%         2d4       100%        4
 Metabolic Englaciation   Hex/Ice        0%         N/A       100%        5
 Simulacrum               Ice/Necr       0%         N/A       100%        6
 Summon Cactus Giant      Summ           0%         N/A       100%        6
 Borgnjor's Revivificati  Necr           0%         N/A       100%        8
 Necromutation            Tmut/Necr      0%         N/A       100%        8
 Death's Door             Necr           0%         N/A       100%        9


Dungeon Overview and Level Annotations

Branches:
Dungeon (13/15)            Temple (0/1) D:4            Lair (0/5) D:10
    Orc (0/2) D:9
 Vaults: D:13-14

Altars:
Cheibriados
Dithmenos
Fedhas
Hepliaklqana
Makhleb
Nemelex Xobeh
Sif Muna
Vehumet
Xom
The Shining One

Shops:
D:5 *   D:8 (   D:9 *

Annotations:
Abyss:1 Prince Ribbit


Innate Abilities, Weirdness & Mutations

Your life essence is reduced to manifest your ancestor. (-10% HP)
You have a pair of horns on your head.
You reflexively headbutt those who attack you in melee.


Message History

The seven-headed hydra completely misses you.
You block the seven-headed hydra's attack.
The seven-headed hydra closely misses you.
You lop one of the seven-headed hydra's heads off!
The six-headed hydra grows two more!
You slice the eight-headed hydra!!
The eight-headed hydra is almost dead.
The eight-headed hydra bites you but does no damage.
The eight-headed hydra bites you. The eight-headed hydra bites you!
The eight-headed hydra bites you but does no damage. x3
You block the eight-headed hydra's attack.
The eight-headed hydra bites you.
You slice one of the eight-headed hydra's heads off!
The seven-headed hydra grows two more!
You hit the nine-headed hydra. You headbutt the nine-headed hydra.
The nine-headed hydra is almost dead.
You block the nine-headed hydra's attack.
The nine-headed hydra bites you but does no damage. x2
The nine-headed hydra bites you!
The nine-headed hydra bites you but does no damage.
The nine-headed hydra bites you.
* * * LOW HITPOINT WARNING * * *
The nine-headed hydra closely misses you.
You block the nine-headed hydra's attack. x2
You lop one of the nine-headed hydra's heads off!
The eight-headed hydra grows two more!
You hit the ten-headed hydra.
The ten-headed hydra is severely wounded.
You slice one of the ten-headed hydra's heads off!
The nine-headed hydra grows two more!
You slash the 11-headed hydra! You headbutt the 11-headed hydra!
The 11-headed hydra is almost dead.
The 11-headed hydra bites you.
* * * LOW HITPOINT WARNING * * *
You block the 11-headed hydra's attack. The 11-headed hydra bites you!
* * * LOW HITPOINT WARNING * * *
The 11-headed hydra closely misses you. You block the 11-headed hydra's attack.
The 11-headed hydra bites you!
* * * LOW HITPOINT WARNING * * *
The 11-headed hydra bites you but does no damage.
The 11-headed hydra bites you!
You die...

## ## ### ########### #.
..#...#####..##..#...####
#. #....#.##..##.###..#.
#.. ##@...#...#.....#..
#..##D.##.^..##.#.###.#
#.E###......#....#...
~~......#....~~~.........#
~..~.~.~~..~≈~≈~.~...~~~~#
≈.≈≈~..~≈~~~≈≈≈~~≈≈~~≈≈≈≈~
~~~≈~~.≈≈≈≈≈#≈≈≈≈≈≈≈≈≈≈≈~≈
≈≈≈~≈≈≈≈≈≈#≈#≈≈≈≈~≈≈≈≈##≈≈
≈≈≈.~≈≈~≈≈≈≈≈≈≈≈≈.≈≈≈≈≈≈≈≈


You could see a 11-headed hydra and a water elemental.

Vanquished Creatures
  Erolcha (D:12)
  3 two-headed ogres
  An ugly thing (D:11)
  2 manticores (D:12)
  A cyclops (D:12)
  Joseph (D:7)
  A komodo dragon (D:13)
  3 unseen horrors
  A rime drake (D:10)
  A polar bear (D:10)
  4 trolls
  A hornet (D:7)
  A shadow (D:10)
  2 wraiths (D:12)
  29 yaks
  2 water elementals (D:13)
  3 steam dragons
  3 vampire mosquitoes (D:11)
  2 water moccasins
  3 acid dragons
  3 orc warriors
  5 ice beasts
  A sky beast (D:4)
  4 centaurs
  A wolf (D:10)
  3 bullfrogs
  A necrophage (D:4)
  7 scorpions
  5 killer bees (D:10)
  3 howler monkeys
  An electric eel (D:13)
  5 orc priests
  4 hounds
  Crazy Yiuf (D:7)
  3 iguanas
  6 orc wizards
  3 gnolls (D:5)
  6 adders
  A white imp (D:5)
  A worm (D:2)
  4 dart slugs
  20 orcs
  13 ball pythons
  6 endoplasms
  2 giant cockroaches
  6 goblins
  3 hobgoblins
  4 quokkas
  7 bats
  3 frilled lizards
  6 kobolds
  4 rats
207 creatures vanquished.

Vanquished Creatures (collateral kills)
  2 yaks
  A sky beast (D:7)
  A centaur (D:8)
  A scorpion (D:5)
  An adder (D:4)
6 creatures vanquished.

Vanquished Creatures (others)
  2 hexers
  3 fungi (D:7)
  3 toadstools (D:4)
8 creatures vanquished.

Grand Total: 221 creatures vanquished

Notes
Turn   | Place    | Note
-------+----------+-------------------------------------------
     0 | D:1      | Elric the Minotaur Fighter began the quest for the Orb.
     0 | D:1      | Reached XP level 1. HP: 19/19 MP: 0/0
   184 | D:1      | Reached skill level 3 in Axes
   223 | D:1      | Reached XP level 2. HP: 26/26 MP: 1/1
   784 | D:2      | Reached skill level 4 in Axes
  1043 | D:2      | Reached XP level 3. HP: 31/31 MP: 2/2
  1160 | D:2      | Reached skill level 5 in Axes
  1687 | D:3      | Found a hazy altar of Hepliaklqana.
  1717 | D:3      | Became a worshipper of Hepliaklqana the Forgotten
  1744 | D:3      | Found a glowing golden altar of the Shining One.
  1899 | D:3      | Found a shimmering blue altar of Sif Muna.
  1899 | D:3      | Found a shimmering altar of Xom.
  1904 | D:3      | Reached XP level 4. HP: 36/39 MP: 3/3
  2004 | D:3      | Identified the +5 chain mail of the Komodo Dragon {Str+5
                  | Dex+2}
  2059 | D:3      | Found a burning altar of Makhleb.
  2228 | D:3      | Reached skill level 6 in Axes
  2546 | D:4      | Noticed a bullfrog
  2552 | D:4      | Killed a bullfrog
  2553 | D:4      | Reached XP level 5. HP: 38/45 MP: 4/4
  2611 | D:4      | Reached * piety under Hepliaklqana
  2625 | D:4      | Reached skill level 7 in Axes
  2751 | D:4      | Found a staircase to the Ecumenical Temple.
  2778 | D:4      | Reached XP level 6. HP: 45/45 MP: 5/5
  2797 | D:4      | Noticed a sky beast
  2805 | D:4      | Killed a sky beast
  2806 | D:4      | Reached skill level 8 in Axes
  2890 | D:4      | Found a snail-covered altar of Cheibriados.
  2984 | D:4      | Reached skill level 9 in Axes
  3154 | D:5      | Entered Level 5 of the Dungeon
  3169 | D:5      | Noticed a water moccasin
  3181 | D:5      | Reached XP level 7. HP: 21/51 MP: 6/6
  3454 | D:5      | Reached skill level 10 in Axes
  3517 | D:5      | Found a sparkling altar of Nemelex Xobeh.
  3518 | D:5      | Reached ** piety under Hepliaklqana
  3519 | D:5      | Remembered your ancestor Sinnashi as a hexer
  3709 | D:5      | Found Metz's Merry Market.
  4122 | D:5      | Reached skill level 11 in Axes
  4170 | D:6      | Reached XP level 8. HP: 57/57 MP: 7/7
  4262 | D:6      | Killed an unseen horror
  4263 | D:6      | Reached skill level 12 in Axes
  4741 | D:6      | Reached skill level 13 in Axes
  4873 | D:7      | Noticed Joseph
  4879 | D:7      | Killed Joseph
  4883 | D:7      | Reached skill level 14 in Axes
  4883 | D:7      | Reached XP level 9. HP: 25/63 MP: 8/8
  5492 | D:7      | Noticed a two-headed ogre
  5496 | D:7      | Killed a two-headed ogre
  5497 | D:7      | Reached skill level 15 in Axes
  5587 | D:7      | Reached skill level 16 in Axes
  5590 | D:7      | Noticed Prince Ribbit
  5593 | D:7      | Banished Prince Ribbit
  5744 | D:7      | Reached *** piety under Hepliaklqana
  6190 | D:7      | Found a runed translucent door.
  6191 | D:7      | Noticed Crazy Yiuf
  6196 | D:7      | Killed Crazy Yiuf
  6256 | D:8      | Reached XP level 10. HP: 65/69 MP: 9/9
  6426 | D:8      | Noticed a two-headed ogre
  6430 | D:8      | Killed a two-headed ogre
  6552 | D:8      | Identified the +6 whip of Itoi {vorpal, Fly rC+ Str-3}
  6597 | D:8      | Found Fafaunit's Weapon Emporium.
  7149 | D:9      | Reached **** piety under Hepliaklqana
  7164 | D:9      | Found a staircase to the Orcish Mines.
  7348 | D:9      | Reached skill level 10 in Fighting
  7351 | D:9      | Reached skill level 1 in Dodging
  7696 | D:9      | Found a radiant altar of Vehumet.
  7787 | D:9      | Found Coddugu's Assorted Antiques.
  7787 | D:9      | Identified the +8 chain mail "Gogowiv" {Will+ rCorr}
  7986 | D:10     | Entered Level 10 of the Dungeon
  8015 | D:10     | Found a staircase to the Lair.
  8032 | D:10     | Reached XP level 11. HP: 59/89 MP: 10/10
  8038 | D:10     | Reached skill level 5 in Shields
  8040 | D:10     | Reached skill level 5 in Armour
  8408 | D:10     | Identified a scroll of acquirement
  8408 | D:10     | Acquired a +3 broad axe of electrocution
  8528 | D:10     | Found a shadowy altar of Dithmenos.
  8907 | D:11     | Noticed a red ugly thing
  8925 | D:11     | Killed a red ugly thing
  8926 | D:11     | Reached skill level 5 in Dodging
  9193 | D:11     | Noticed a two-headed ogre
  9211 | D:11     | Killed a two-headed ogre
  9379 | D:11     | You fall into a shaft and drop 1 floor!
  9465 | D:12     | Found a blossoming altar of Fedhas.
  9695 | D:12     | Reached ***** piety under Hepliaklqana
  9799 | D:12     | Noticed Erolcha
  9815 | D:12     | Killed Erolcha
  9816 | D:12     | Reached XP level 12. HP: 65/95 MP: 7/11
 10720 | D:13     | Noticed a six-headed hydra
 10730 | D:13     | Slain by an 11-headed hydra

Illustrated notes

Levels and vault maps discovered:
D:1:      saegor_arrival_simple_c, layout_basic
D:2:      layout_rooms, serial_co_window_serial, co_window_paths_b,
          co_window_corner_a, co_window_corner_a, co_window_corner_a,
          co_window_paths_b, co_window_corner_cb, co_window_corner_b,
          co_window_2corner, co_window_corner_cb, co_window_broadway_b,
          co_window_corner_b, co_window_of_opportunity_c, co_window_paths_e,
          glass_columns_b, glass_columns_b, glass_columns_a
D:3:      layout_basic, mainiacjoe_overflow_concentric_impassable,
          overflow_temple_1_default, gammafunk_temple_overflow_pools,
          old_standard_altar, palyth_stone_intersect,
          dreamdust_mushroom_princess, minmay_large_rounded_square
D:4:      layout_cave_pools, kennysheep_mini_moat, temple_hall,
          minmay_gold_behind_fungi, corner_web_ring
D:5:      layout_loops_corners, general_overflow_altar, st_stairs_3,
          nicolae_alphabet_shops, serial_bayou_pond_e,
          chequers_serial_rivers_room_a
D:6:      layout_loops_ring
D:7:      layout_cave_pods, lemuel_zombie_altar_kikubaaqudgha,
          minmay_manual_macuahuitl, uniq_crazy_yiuf_cottage, uniq_joseph,
          uniq_prince_ribbit1
D:8:      layout_gridville, serial_shops, nicolae_stop_n_shop_2,
          kennysheep_generic_room_12
D:9:      layout_loops_ring, marbit_many_paths, orc_0_dummy, serial_shops, shop
D:10:     layout_basic, grunt_dithmenos_smoke_and_mirrors,
          hellmonk_lair_entry_icy, hangedman_abyss_or_decor_passed
D:11:     layout_loops_corners, gauntlet_entry_generic,
          nicolae_tso_carved_into_rock, uniq_maurice
D:12:     layout_irregular_city, fedhas_bush_and_centaur_altar, uniq_erolcha
D:13:     erik_rubicon_b, layout_rooms, grunt_decor_fettered

Skill      XL: |  1  2  3  4  5  6  7  8  9 10 11 12 |
---------------+-------------------------------------+-----
Axes           | 3 4 5 6 7 9 11 14 16 | 16.9
Fighting       | 10 | 10.0
Dodging        | 2 6 7 |  7.4
Armour         | 4 8 9 |  9.1
Shields        | 4 8 9 |  9.1

Action                   |  1- 3 |  4- 6 |  7- 9 | 10-12 || total
-------------------------+-------+-------+-------+-------++-------
Melee: War axe           |    73 |    76 |   138 |   107 ||   394
       Headbutt          |    10 |     5 |    28 |    62 ||   105
       Broad axe         |       |       |       |   145 ||   145
Invok: Ancestor Life: He |       |       |     1 |       ||     1
  Use: Potion            |       |       |     1 |     2 ||     3
       Scroll            |       |       |     6 |     6 ||    12
 Stab: Confused          |       |       |     4 |     6 ||    10
Armor: Scale mail        |    42 |     4 |       |       ||    46
       Chain mail        |       |    38 |    60 |   134 ||   232
Dodge: Dodged            |    39 |    35 |    21 |    83 ||   178
Block: Buckler           |    18 |    19 |    24 |    68 ||   129

Table legend: (Time is in decaauts)
 A = Elapsed time spent in this place.
 B = Non-inter-level travel time spent in this place.
 C = Inter-level travel time spent in this place.
 D = Time resting spent in this place.
 E = Time spent auto-exploring this place.
 F = Levels seen in this place.
 G = Mean time per level.
                   A        B        C        D        E       F      G
               +--------+--------+--------+--------+--------+-----+--------+
         Total |  10694 |  10280 |    414 |    380 |   8600 |  13 |  822.6 |
       Dungeon |  10694 |  10280 |    414 |    380 |   8600 |  13 |  822.6 |
               +--------+--------+--------+--------+--------+-----+--------+

Top non-repeatable levels by time:
     D:7: 1361 daAuts
    D:12: 1166 daAuts
     D:5: 998 daAuts
     D:9: 946 daAuts
     D:2: 936 daAuts
     D:3: 915 daAuts
     D:8: 774 daAuts
    D:10: 742 daAuts
     D:6: 721 daAuts
     D:1: 719 daAuts
    D:11: 624 daAuts
     D:4: 619 daAuts
    D:13: 166 daAuts
